[Event "Deloitte NK 2021 Vrouwen"]
[Site "Hoogeveen, Netherlands"]
[Date "2021.10.23"]
[Round "7.1"]
[White "Haast, Anne"]
[Black "Van Foreest, Machteld"]
[Result "1-0"]
[TimeControl "90min/40moves + 30min + 30sec/move"]
[WhiteElo "2318"]
[BlackElo "2132"]

1. e4 c5 2. Nf3 a6 3. c4 e6 4. Nc3 Qc7 5. a3 Nc6 6. d4 cxd4 7. Nxd4 Nf6 8. Be3 Be7 9. Rc1 O-O 10.
Be2 d6 11. O-O Bd7 12. f3 Rac8 13. b4 Qb8 14. Nb3 Ne5 15. c5 Ng6 16. f4 Rfd8 17. Qe1 dxc5 18. e5 Nd5 19. Nxd5 exd5 20.
Bxc5 Bxc5+ 21. Nxc5 Bc6 22. Qf2 d4 23. Rcd1 b6 24. Nxa6 Qa8 25. b5 d3 26. Rxd3 Be4 27. Rxd8+ Rxd8 28. Bc4 Ne7 29. Re1 h6 30.
h3 Nf5 31. e6 Rd4 32. exf7+ Kf8 33. Nc7 1-0

[Event "Deloitte NK 2021 Vrouwen"]
[Site "Hoogeveen, Netherlands"]
[Date "2021.10.23"]
[Round "7.2"]
[White "Peng, Zhaoqin"]
[Black "Kazarian, Anna-Maja"]
[Result "1/2-1/2"]
[TimeControl "90min/40moves + 30min + 30sec/move"]
[WhiteElo "2359"]
[BlackElo "2125"]

1. d4 e6 2. c4 b6 3. Nc3 Bb7 4. a3 f5 5. d5 Nf6 6. g3 Bd6 7. Nf3 O-O 8. Bg2 h6 9. Nd4 Qe7 10.
O-O c6 11. b3 cxd5 12. cxd5 Na6 13. Bb2 Nc7 14. dxe6 Bxg2 15. Kxg2 dxe6 16. e4 f4 17. b4 Qe8 18. Nf3 Rd8 19.
Qb3 Qh5 20. Rae1 Ng4 21. h3 Ne5 22. Ne2 Nxf3 23. Qxf3 Qxf3+ 24. Kxf3 fxg3+ 25. Kg2 gxf2 26. Rxf2 Rxf2+ 27. Kxf2 a5 28.
bxa5 bxa5 29. Rc1 Rb8 30. Ba1 Ne8 31. a4 Rb4 32. e5 Bc7 33. Rc6 Rxa4 34. Bc3 Kf7 35. Ra6 g5 36. Ra7 Kg6 37.
Kf3 Rc4 38. Bxa5 Bxe5 39. Be1 h5 40. Ra5 Bc7 41. Ra8 Nf6 42. Bc3 Rh4 43. Kg2 g4 44. hxg4 Rh2+ 45. Kf1 hxg4 46. Bxf6 Kxf6 47.
Rg8 Rh4 48. Kg2 Be5 49. Ng3 Bf4 50. Rf8+ Ke5 51. Ra8 Rh3 52. Ra5+ Kf6 53. Nh5+ Ke7 54. Nxf4 Rf3 55. Ng6+ Kf6 56.
Ne5 Rf5 57. Nxg4+ Kg5 58. Ne5 Kf6 1/2-1/2

[Event "Deloitte NK 2021 Vrouwen"]
[Site "Hoogeveen, Netherlands"]
[Date "2021.10.23"]
[Round "7.3"]
[White "Lanchava, Tea"]
[Black "Ratsma, Rosa"]
[Result "0-1"]
[TimeControl "90min/40moves + 30min + 30sec/move"]
[WhiteElo "2214"]
[BlackElo "2306"]

1. c4 e6 2. Nc3 Nf6 3. e4 c5 4. Nf3 Nc6 5. d3 d5 6. cxd5 exd5 7. Bg5 d4 8. Nd5 Qa5+ 9. Bd2 Qd8 10.
Bg5 Be7 11. Nxe7 Qxe7 12. Qc1 b6 13. Be2 h6 14. Bh4 g5 15. Bg3 Nd7 16. O-O Nde5 17. Nxe5 Nxe5 18. f4 Ng6 19. f5 Ne5 20.
f6 Qe6 21. Rf5 Nd7 22. Bg4 Nxf6 23. Re5 Nxg4 24. Rxe6+ Bxe6 25. h3 Ne3 26. Be5 O-O 27. Bf6 Kh7 28. Qd2 Rg8 29. b4 Rg6 30.
Be5 Re8 31. Bg3 f5 32. bxc5 bxc5 33. Qa5 fxe4 34. Qxc5 exd3 35. Qxa7+ Rg7 36. Qxd4 Bf5 37. Qa4 Re4 38. Qa5 Bg6 39.
Bf2 Nc2 40. Rd1 Re2 41. Qd8 Rf7 42. Bd4 Nxd4 43. Qxd4 Be4 44. a4 Rxg2+ 45. Kh1 Re2+ 46. Kg1 Kg8 47. a5 Ba8 48. Qg4 Bf3 49.
Qg3 d2 50. Qb8+ Kh7 51. Qg3 h5 52. Rxd2 Rxd2 53. Qb8 Rg2+ 54. Kf1 Rb7 0-1

[Event "Deloitte NK 2021 Vrouwen"]
[Site "Hoogeveen, Netherlands"]
[Date "2021.10.23"]
[Round "7.4"]
[White "Keetman, Maaike"]
[Black "Roebers, Eline"]
[Result "1-0"]
[TimeControl "90min/40moves + 30min + 30sec/move"]
[WhiteElo "2136"]
[BlackElo "2297"]

1. e4 c5 2. Nf3 e6 3. d4 cxd4 4. Nxd4 Nf6 5. Nc3 Nc6 6. a3 d6 7. Be3 Be7 8. Be2 O-O 9. O-O a6 10.
f4 Qc7 11. Bf3 Na5 12. Kh1 Nc4 13. Bc1 Rd8 14. Qe1 Rb8 15. b3 Na5 16. Bb2 b5 17. g4 Bb7 18. Qg3 Nc6 19. Nxc6 Bxc6 20.
f5 Qb7 21. Rae1 Nd7 22. fxe6 fxe6 23. Nd5 Bf8 24. Nb4 a5 25. Nxc6 Qxc6 26. Re2 Ne5 27. Bg2 Be7 28. g5 Rf8 29.
Rd1 Ng6 30. Bc1 e5 31. Qg4 Kh8 32. Qe6 Rbe8 33. Qd5 Qd7 34. c4 Qg4 35. Ree1 Rf2 36. Rg1 Nh4 37. Rd2 Ref8 38. Rxf2 Rxf2 39.
Be3 Rf3 40. cxb5 h6 41. b6 Nxg2 42. Rxg2 Rf1+ 43. Bg1 Qh5 44. b7 Rf8 45. Qe6 Bxg5 46. Qc8 Qe8 47. Qxe8 Rxe8 48. Ba7 1-0